 Dungeon Crawl Stone Soup version 0.30-a0-311-gf115ab0292 (webtiles) character file.

Game seed: 13118759071654240805

30 purpskrrrp the Fighter (level 3, -6/38 HPs)
             Began as a Gnoll Wanderer on Oct 25, 2022.
             Killed from afar by Sigmund (9 damage)
             ... with a puff of flame
             ... on level 2 of the Dungeon.
             The game lasted 00:03:00 (1114 turns).

purpskrrrp the Fighter (Gnoll Wanderer)             Turns: 1114, Time: 00:03:00

Health: -6/38      AC:  3    Str: 14    XL:     3   Next: 20%
Magic:  7/7        EV: 14    Int:  8    God:
Gold:   55         SH:  7    Dex: 13    Spells: 7/7 levels left

rFire   . . .      SeeInvis .    j - staff of earth
rCold   . . .      Faith    .    d - +2 buckler
rNeg    . . .      Spirit   .    f - +0 leather armour
rPois   .          Reflect  .    (no helmet)
rElec   .          Harm     .    (no cloak)
rCorr   .          Rampage  .    (no gloves)
Will    .....                    (no boots)
Stlth   +.........               g - amulet of the acrobat
HPRegen 0.26/turn                h - +4 ring of evasion
MPRegen 0.10/turn                (no ring)

@: no status effects
A: fangs 1, strong nose, distributed training
a: no special abilities


You were on level 2 of the Dungeon.
You visited 1 branch of the dungeon, and saw 2 of its levels.

You collected 55 gold pieces.

Inventory:

Hand Weapons
 a - a +0 dagger
Missiles
 c - 13 poisoned darts (quivered)
Armour
 d - a +2 buckler (worn)
 f - a +0 leather armour (worn)
Magical Staves
 j - a staff of earth (weapon)
Jewellery
 e - a ring of see invisible
 g - an amulet of the acrobat (around neck)
 h - a +4 ring of evasion (left hand)
Scrolls
 b - a scroll of fog


   Skills:
 + Level 8.5 Fighting
 + Level 0.7 Short Blades
 + Level 0.7 Long Blades
 + Level 0.7 Axes
 + Level 0.7 Maces & Flails
 + Level 0.7 Polearms
 + Level 0.7 Staves
 + Level 0.7 Ranged Weapons
 + Level 6.5 Throwing
 + Level 0.7 Armour
 + Level 0.7 Dodging
 + Level 0.7 Stealth
 + Level 4.5 Shields
 + Level 0.7 Unarmed Combat
 + Level 2.8 Spellcasting
 + Level 0.5 Conjurations
 + Level 0.5 Hexes
 + Level 0.5 Summonings
 + Level 0.5 Necromancy
 + Level 0.5 Translocations
 + Level 0.5 Transmutations
 + Level 0.5 Fire Magic
 + Level 0.5 Ice Magic
 + Level 0.5 Air Magic
 + Level 0.5 Earth Magic
 + Level 0.5 Poison Magic
 + Level 0.9 Invocations
 + Level 0.7 Evocations


You had 7 spell levels left.
You didn't know any spells.
Your spell library was empty.

Dungeon Overview and Level Annotations

Branches:
Dungeon (2/15)

Altars:

Annotations:
D:2 Sigmund


Innate Abilities, Weirdness & Mutations

You have very sharp teeth.
Your uncanny sense of smell can sniff out nearby items.
Your experience applies equally to all skills.


Message History

You hit Sigmund.
Sigmund is lightly wounded.
Sigmund points at you and mumbles some strange words.
You resist with significant effort.
Sigmund hits you with a +0 vorpal scythe!
You barely miss Sigmund.
Sigmund is lightly wounded.
Sigmund gestures at you while chanting. You resist with significant effort.
Sigmund zaps a wand.
The puff of flame misses you. Sigmund completely misses you.
You're too confused to move!
Sigmund closely misses you.
You're too confused to move!
You're too confused to move!
Sigmund zaps a wand.
The puff of flame hits you.
You barely miss Sigmund.
Sigmund points at you and mumbles some strange words.
The magic dart hits you. Sigmund closely misses you.
Sigmund points at you and mumbles some strange words.
You resist with significant effort. Sigmund attacks as you move away!
Sigmund hits you with a +0 vorpal scythe!
* * * LOW HITPOINT WARNING * * *
x2 Sigmund completely misses you.
You aren't carrying any potions.
You are too confused!
You are too confused!
Sigmund completely misses you. Sigmund completely misses you.
Found a mace.
You feel less confused.
Blink to where?
Press: ? - help, Dir - move target
Found 5 stones and a bubbling cyan potion.
Found a stone staircase leading down.
As you read the scroll of blinking, it crumbles to dust.
Sigmund points at you and mumbles some strange words.
The puff of flame misses you.
e - a ring of see invisible Sigmund zaps a wand.
The puff of flame hits you!
You die...

∆ #. #. .. #.##
#.##.## ..#
>..#!..#####.#
..........##.#####
∆#....##......>..#
#...............#
.#...............#
.(.....@...§.....#
.###..###....<@..#
................#
.................#
.## .............#
)............#
........)....#
..........####
###.....#


You could see Sigmund.

Vanquished Creatures
  A dart slug (D:1)
  2 bats (D:1)
  5 endoplasms (D:1)
  A giant cockroach (D:1)
  A goblin (D:1)
  2 hobgoblins (D:1)
  3 kobolds (D:1)
  A quokka (D:1)
  6 ball pythons (D:1)
  3 rats (D:1)
25 creatures vanquished.

Notes
Turn   | Place    | Note
-------+----------+-------------------------------------------
     0 | D:1      | purpskrrrp the Gnoll Wanderer began the quest for the Orb.
     0 | D:1      | purpskrrrp set off with the following items: a +0 dagger, a
                  | scroll of fog, 15 poisoned darts, a +2 buckler, a scroll of
                  | blinking, a +0 leather armour.
     0 | D:1      | Reached XP level 1. HP: 26/26 MP: 4/4
   126 | D:1      | Reached XP level 2. HP: 33/33 MP: 5/5
   480 | D:1      | Reached XP level 3. HP: 24/38 MP: 7/7
  1090 | D:2      | Noticed Sigmund
  1108 | D:2      | HP: 1/38 [Sigmund/+0 vorpal scythe (3)]
  1114 | D:2      | Killed from afar by Sigmund

Illustrated notes

Levels and vault maps discovered:
D:1:      spicycebolla_arrival_xxxplode, layout_basic
D:2:      layout_rooms, hellmonk_ecumenical_altar_lost_god, minmay_tripent,
          uniq_sigmund, uniq_jessica

Action                   || total
-------------------------++-------
Melee: Dagger            ||    62
       Bite              ||    11
       Staff             ||     5
Throw: Dart              ||    50
  Use: Scroll            ||     2
Armor: Leather armour    ||    22
Dodge: Dodged            ||    56
Block: Buckler           ||    19

Table legend: (Time is in decaauts)
 A = Elapsed time spent in this place.
 B = Non-inter-level travel time spent in this place.
 C = Inter-level travel time spent in this place.
 D = Time resting spent in this place.
 E = Time spent auto-exploring this place.
 F = Levels seen in this place.
 G = Mean time per level.
                   A        B        C        D        E       F      G
               +--------+--------+--------+--------+--------+-----+--------+
         Total |   1102 |   1047 |     55 |      0 |    783 |   2 |  551.0 |
       Dungeon |   1102 |   1047 |     55 |      0 |    783 |   2 |  551.0 |
               +--------+--------+--------+--------+--------+-----+--------+

Top non-repeatable levels by time:
     D:1: 1077 daAuts
     D:2: 24 daAuts
